 Dungeon Crawl Stone Soup version 0.28.0 (webtiles) character file.

Game seed: 5352393986722556667

291 Selrock the Skirmisher (level 6, -1/51 HPs)
             Began as a Demonspawn Monk on Feb 11, 2022.
             Slain by an iguana (13 damage)
             ... on level 4 of the Dungeon.
             The game lasted 00:08:54 (4178 turns).

Selrock the Skirmisher (Demonspawn Monk)            Turns: 4178, Time: 00:08:54

Health: -1/51      AC:  5    Str: 14    XL:     6   Next: 10%
Magic:  6/6        EV: 12    Int: 11    God:
Gold:   220        SH:  4    Dex: 15    Spells: 5/5 levels left

rFire   . . .      SeeInvis +   a - +0 hand axe
rCold   . . .      Faith    .   (no shield)
rNeg    . . .      Spirit   .   b - +0 robe
rPois   +          Reflect  .   (helmet restricted)
rElec   .          Harm     .   l - scarf {shadows}
rCorr   .          Rampage  .   (no gloves)
Will    .....                   o - +0 pair of boots
Stlth   ++........              (no amulet)
HPRegen 0.17/turn               g - ring of poison resistance
MPRegen 0.20/turn               n - ring of see invisible

@: no status effects
A: antennae 1, yellow scales 1, magic regeneration, condensation shield
a: no special abilities


You were on level 4 of the Dungeon.
You visited 1 branch of the dungeon, and saw 4 of its levels.

You collected 258 gold pieces.
You spent 38 gold pieces at shops.

Inventory:

Hand Weapons
 a - a +0 hand axe (weapon)
Armour
 b - a +0 robe (worn)
 d - a +0 helmet
 e - a +0 cloak
 l - a scarf of shadows (worn)
 o - a +0 pair of boots (worn)
 t - a +0 buckler
Jewellery
 g - a ring of poison resistance (left hand)
 n - a ring of see invisible (right hand)
 p - a ring of ice
Scrolls
 c - a scroll of fog {unknown}
 f - a scroll of immolation {unknown}
 h - a scroll of amnesia {unknown}
 j - 2 scrolls of teleportation {unknown}
 m - 2 scrolls of noise {unknown}
 s - a scroll of magic mapping
 u - a scroll of identify {unknown}
 v - a scroll of vulnerability {unknown}
Potions
 q - a potion of flight {unknown}
 r - a potion of might {unknown}


   Skills:
 + Level 5.2 Fighting
 + Level 4.8 Axes
 - Level 2.6 Dodging
 - Level 1.7 Stealth


You had 5 spell levels left.
You didn't know any spells.
Your spell library was empty.

Dungeon Overview and Level Annotations

Branches:
Dungeon (4/15)
 Temple: D:4-7

Altars:

Shops:
D:3 ?   D:4 *

Annotations:
D:2 1 runed translucent door, Crazy Yiuf


Innate Abilities, Weirdness & Mutations

You have a pair of small antennae on your head.
You are partially covered in yellow scales. (AC +2)
You regenerate magic rapidly.
A meltable shield of frost defends you. (SH +4)


Message History

The scorpion is moderately wounded.
The scorpion barely misses you.
You closely miss the scorpion.
The scorpion is moderately wounded.
The scorpion stings you but does no damage.
The scorpion closely misses you.
You barely miss the scorpion.
The scorpion is moderately wounded.
You block the scorpion's attack.
You hit the scorpion.
The scorpion is heavily wounded.
The scorpion stings you.
You hit the scorpion but do no damage.
The scorpion is heavily wounded.
The scorpion stings you. x2
You slash the scorpion!
The scorpion is almost dead.
The scorpion stings you but does no damage.
You closely miss the scorpion.
The scorpion is almost dead.
You block the scorpion's attack.
You hit the scorpion but do no damage.
The scorpion is almost dead.
The scorpion stings you.
You are poisoned.
The scorpion poisons you!
You barely miss the scorpion.
The scorpion is almost dead.
You feel sick. The scorpion stings you. x2
You hit the scorpion but do no damage.
The scorpion is almost dead.
You feel sick.
The scorpion stings you but does no damage.
You barely miss the scorpion.
The scorpion is almost dead.
You feel sick. You block the scorpion's attack.
You hit the scorpion.
You kill the scorpion!
You feel sick.
Your Fighting skill increases to level 5!
You start resting.
You feel sick. x2
You are no longer poisoned.
You start resting.
A ball python comes into view.
The ball python moves out of view.
You start resting.
A ball python is nearby!
Found a scratched iron ring.
Found 24 stones and a scroll labelled NADWES KELLI.
The ball python hisses angrily.
A quokka comes into view.
You barely miss the ball python. Your punch misses the ball python.
The ball python closely misses you. The ball python misses you.
The ball python closely misses you. The ball python grabs you.
The ball python constricts you.
You hit the ball python.
You kill the ball python!
The quokka bites you but does no damage.
You barely miss the quokka. The quokka closely misses you.
You hit the quokka.
The quokka is almost dead.
The quokka bites you.
* * * LOW HITPOINT WARNING * * *
The quokka barely misses you.
You hit the quokka.
You kill the quokka!
You start resting.
HP restored.
Things that are here:
a quokka skeleton; a ball python skeleton An iguana comes into view.
The iguana hisses angrily.
You hear a loud, deep croak!
A bullfrog comes into view.
You see here 19 gold pieces.
You now have 220 gold pieces (gained 19).
The bullfrog hits you. The bullfrog closely misses you.
The bullfrog closely misses you.
The bullfrog hits you but does no damage.
You barely miss the bullfrog. The bullfrog barely misses you.
You hit the bullfrog.
The bullfrog is lightly wounded.
The bullfrog hits you but does no damage.
The bullfrog barely misses you.
You hit the bullfrog.
The bullfrog is moderately wounded.
The bullfrog hits you but does no damage.
The bullfrog hits you.
You hit the bullfrog.
The bullfrog is heavily wounded.
The bullfrog barely misses you.
You hit the bullfrog but do no damage.
The bullfrog is heavily wounded.
The bullfrog completely misses you. The bullfrog misses you.
You slash the bullfrog!
The bullfrog is almost dead.
The bullfrog closely misses you.
You barely miss the bullfrog.
The bullfrog is almost dead.
The bullfrog hits you. x2
You hit the bullfrog.
You kill the bullfrog!
You have reached level 6!
Your demonic ancestry asserts itself...
A pair of antennae grows on your head!
Your +0 helmet falls away!
You completely miss the iguana. The iguana closely misses you.
You barely miss the iguana. The iguana bites you.
You hit the iguana but do no damage. The iguana closely misses you.
The iguana bites you!
You barely miss the iguana. The iguana bites you!
You hit the iguana.
The iguana is lightly wounded.
The iguana barely misses you.
You hit the iguana.
The iguana is lightly wounded.
The iguana barely misses you.
You closely miss the iguana.
The iguana is lightly wounded.
The iguana bites you!
* * * LOW HITPOINT WARNING * * *
Throw: 5 darts (poison)
Press: ? - help, Q - select action Shift-Dir - straight line, f - iguana
Aim: an iguana (lightly wounded, 64% to hit)
You throw a poisoned dart. The poisoned dart hits the iguana.
The iguana is lightly wounded.
The iguana closely misses you.
Throw: 4 darts (poison)
Press: ? - help, Q - select action Shift-Dir - straight line, f/p - iguana
Aim: an iguana (lightly wounded, 64% to hit)
You throw a poisoned dart. The poisoned dart hits the iguana.
The iguana is poisoned.
The iguana is lightly wounded.
The iguana hisses menacingly.
You block the iguana's attack.
The iguana looks more healthy.
Throw: 3 darts (poison)
Press: ? - help, Q - select action Shift-Dir - straight line, f/p - iguana
Aim: an iguana (moderately wounded, 64% to hit)
You throw a poisoned dart.
The poisoned dart closely misses the iguana.
The iguana bites you.
* * * LOW HITPOINT WARNING * * *
Throw: 2 darts (poison)
Press: ? - help, Q - select action Shift-Dir - straight line, f/p - iguana
Aim: an iguana (moderately wounded, 64% to hit)
You throw a poisoned dart. The poisoned dart hits the iguana.
The iguana is moderately wounded.
The iguana misses you. The iguana barely misses you.
You see here a poisoned dart.
Throw: dart (poison)
Press: ? - help, Q - select action Shift-Dir - straight line, f/p - iguana
Aim: an iguana (lightly wounded, 64% to hit)
You throw a poisoned dart. The poisoned dart hits the iguana.
The iguana is lightly wounded.
The iguana barely misses you.
You hit the iguana.
The iguana is heavily wounded.
The iguana bites you but does no damage.
You closely miss the iguana.
The iguana is heavily wounded.
The iguana bites you.
* * * LOW HITPOINT WARNING * * *
You hit the iguana.
The iguana is heavily wounded.
The iguana bites you.
* * * LOW HITPOINT WARNING * * *
You see here 2 poisoned darts.
It was a potion of heal wounds.
You feel much better. The iguana bites you!
You completely miss the iguana.
The iguana is heavily wounded.
The iguana hisses menacingly.
The iguana misses you.
You hit the iguana.
The iguana is severely wounded.
The iguana barely misses you.
You hit the iguana.
The iguana is almost dead.
You block the iguana's attack.
You closely miss the iguana.
The iguana is almost dead.
You block the iguana's attack.
You barely miss the iguana.
The iguana is almost dead.
The iguana misses you.
You closely miss the iguana.
The iguana is almost dead.
The iguana bites you but does no damage.
You barely miss the iguana.
The iguana is almost dead.
The iguana bites you!
* * * LOW HITPOINT WARNING * * *
You closely miss the iguana.
The iguana is almost dead.
The iguana bites you but does no damage.
You hit the iguana.
The iguana is almost dead.
The iguana bites you!
You die...

#.............##.......
######.#......##..#####
#.#......#........
#(#......##..#####
#.#.###..##. #.. #.#
#.. #.# #.. #l# ### #@#
# #.# # #.# #(# #.# #.#
... ## #.# #.### ..#
#.# .... ..#
#.#######.####..#


You could see an iguana.

Vanquished Creatures
  A bullfrog (D:4)
  A scorpion (D:4)
  Jessica (D:2)
  5 adders
  4 worms
  5 dart slugs
  7 bats
  3 endoplasms
  6 goblins
  11 hobgoblins
  A jackal (D:2)
  5 quokkas
  8 ball pythons
  7 frilled lizards
  7 kobolds
  4 rats
76 creatures vanquished.

Notes
Turn   | Place    | Note
-------+----------+-------------------------------------------
     0 | D:1      | Selrock the Demonspawn Monk began the quest for the Orb.
     0 | D:1      | Reached XP level 1. HP: 18/18 MP: 1/1
   141 | D:1      | Gained mutation: A meltable shield of frost defends you.
                  | (SH +4) [demonic ancestry]
   141 | D:1      | Reached XP level 2. HP: 15/24 MP: 2/2
  1115 | D:2      | Gained mutation: You are partially covered in yellow
                  | scales. (AC +2) [demonic ancestry]
  1115 | D:2      | Reached XP level 3. HP: 28/29 MP: 3/3
  1454 | D:2      | Reached skill level 4 in Fighting
  1537 | D:2      | Noticed Jessica
  1546 | D:2      | Killed Jessica
  1547 | D:2      | Reached XP level 4. HP: 29/37 MP: 4/4
  2197 | D:2      | Found a runed translucent door.
  2198 | D:2      | Noticed Crazy Yiuf
  2826 | D:3      | Gained mutation: You regenerate magic rapidly. [demonic
                  | ancestry]
  2826 | D:3      | Reached XP level 5. HP: 43/43 MP: 5/5
  3208 | D:3      | Found Ufaarose's Magic Scroll Emporium.
  3215 | D:3      | Bought a scroll of magic mapping for 38 gold pieces
  3503 | D:4      | Noticed an ogre
  3831 | D:4      | Found Onny's Overcharged Wands.
  3847 | D:4      | Reached skill level 5 in Fighting
  4124 | D:4      | Gained mutation: You have a pair of small antennae on your
                  | head. [demonic ancestry]
  4124 | D:4      | Reached XP level 6. HP: 37/51 MP: 6/6
  4178 | D:4      | Slain by an iguana

Illustrated notes

Levels and vault maps discovered:
D:1:      nzn_arrival_depleted_hourglass, layout_loops_ring
D:2:      minmay_chambers_of_ones, layout_basic, minivault_14, minmay_between,
          uniq_jessica, uniq_crazy_yiuf_cottage
D:3:      layout_loops_ring, serial_shops, nicolae_lakefront_shop
D:4:      gammafunk_cloud_chamber, layout_basic, nicolae_shop_overcharged_wands

Skill      XL: |  1  2  3  4  5 |
---------------+----------------+-----
Axes           | 3 4 |  4.8
Fighting       | 4 5 |  5.2
Dodging        | |  2.6
Stealth        | |  1.7

Action                   |  1- 3 |  4- 6 || total
-------------------------+-------+-------++-------
Melee: Hand axe          |   119 |   182 ||   301
       Punch             |     2 |     3 ||     5
Throw: Dart              |       |    10 ||    10
  Use: Potion            |     2 |     1 ||     3
 Stab: Sleeping          |     6 |     5 ||    11
Armor: Robe              |    38 |    46 ||    84
Dodge: Dodged            |    99 |    99 ||   198
Block: Other             |    22 |    21 ||    43
